 Dungeon Crawl Stone Soup version 0.29.1-2-gbd0b4ee654 (webtiles) character file.

Game seed: 5775639544135314043

96 Icepheonix32 the Insei (level 4, 0/30 HPs)
             Began as an Octopode Transmuter on Nov 20, 2022.
             Splashed by a jelly's acid (7 damage)
             ... on level 4 of the Dungeon.
             The game lasted 00:03:28 (3659 turns).

Icepheonix32 the Insei (Octopode Transmuter)        Turns: 3659, Time: 00:03:29

Health: 0/30       AC: -11   Str:  9    XL:     4   Next: 67%
Magic:  7/7        EV: 14    Int: 15    God:
Gold:   186        SH:  0    Dex: 14    Spells: 1/7 levels left

rFire   . . .      SeeInvis .     - Unarmed
rCold   . . .      Faith    .   (no shield)
rNeg    . . .      Spirit   .   (helmet currently unavailable)
rPois   .          Reflect  .   f - amulet of magic regeneration
rElec   .          Harm     .   (no ring)
rCorr   .          Rampage  .   (no ring)
Will    .....                   (no ring)
Stlth   ++........              (no ring)
HPRegen 0.10/turn               (no ring)
MPRegen 0.50/turn               (no ring)
                                (no ring)
                                (no ring)

@: appendages, corroded
A: tentacle spike 3, almost no armour, amphibious, 8 rings, camouflage 1,
gelatinous body 1, (nimble swimmer 1), tentacles, robust 1
a: End Transformation


You were on level 4 of the Dungeon.
One of your tentacles had grown a beastly spike.
You visited 1 branch of the dungeon, and saw 4 of its levels.

You collected 186 gold pieces.

Inventory:

Hand Weapons
 k - a +2 dagger of venom
Magical Staves
 g - a staff of conjuration
Jewellery
 f - an amulet of magic regeneration (around mantle)
 h - a ring of protection from fire
Scrolls
 c - 2 scrolls of magic mapping
 d - a scroll of noise
 e - a scroll of fog
 j - 2 scrolls of poison
 l - a scroll of brand weapon {unknown}
 m - a scroll of blinking {unknown}
Potions
 a - a potion of lignification
 b - a potion of resistance {unknown}
 i - 2 potions of invisibility


   Skills:
 - Level 1.0 Fighting
 * Level 3.0 Dodging
 + Level 4.2 Unarmed Combat
 - Level 2.0 Spellcasting
 + Level 2.7 Transmutations
 * Level 0.6 Poison Magic


You had one spell level left.
You knew the following spells:

 Your Spells              Type           Power      Damage    Failure   Level
a - Beastly Appendage     Tmut           18%        N/A       8%          1
b - Spider Form           Tmut/Pois      6%         N/A       32%         3
c - Wereblood             Tmut           9%         N/A       11%         2

Your spell library contained the following spells:

 Spells                   Type           Power      Damage    Failure   Level
 Magic Dart               Conj           4%         1d3       22%         1
 Call Imp                 Summ           1%         N/A       32%         2
 Mephitic Cloud           Conj/Pois/Air  2%         N/A       52%         3
 Stone Arrow              Conj/Erth      2%         3d7       54%         3
 Ice Form                 Ice/Tmut       5%         N/A       77%         4
 Lee's Rapid Deconstruct  Erth           0%         3d5*      99%         5
 Iron Shot                Conj/Erth      0%         9d1       100%        6
 Animate Armour           Summ/Erth      Unusable   N/A       N/A         4

Dungeon Overview and Level Annotations

Branches:
Dungeon (4/15)
 Temple: D:4-7

Altars:


Innate Abilities, Weirdness & Mutations

One of your tentacles has grown a beastly spike.
You cannot wear most types of armour.
You are amphibious.
You can wear up to eight rings at the same time.
Your skin changes colour to match your surroundings (Stealth+).
Your rubbery body absorbs attacks. (AC +1, EV +1)
((You are camouflaged when in or above water. (Stealth+)))
You have tentacles for arms and can constrict up to eight enemies at once.
You are robust. (+10% HP)


Message History

Done exploring.
Done exploring.
Done exploring.
(D) Dungeon
Where to? (Enter - D:3, ? - help)
Your tentacle spike disappears.
There is an open door here.
There is a stone staircase leading down here.
You climb downwards.
Found a scroll labelled HOTHRA CEVERR and a club.
There is a stone staircase leading up here.
m - a scroll labelled HOTHRA CEVERR
Found a spear.
A jelly comes into view.
A jelly is nearby!
Found 4 stones.
Found a stone staircase leading up.
One of your tentacles grows a vicious spike.
You see here 5 gold pieces.
The jelly quivers.
You tentacle-slap the jelly.
Your tentacles burn!
The jelly is moderately wounded.
You tentacle-slap the jelly. The acid corrodes you!
Your tentacles burn!
You pierce the jelly, but do no damage.
The jelly is heavily wounded.
The jelly hits you. The acid corrodes you!
You are splashed with acid!
You tentacle-slap the jelly but do no damage.
The acid corrodes you!
Your tentacles burn!
You pierce the jelly, but do no damage.
You squeeze the jelly, but do no damage.
The jelly is heavily wounded.
The jelly completely misses you.
You are too injured to fight recklessly!
You are too injured to fight recklessly!
You tentacle-slap the jelly but do no damage.
Your tentacles burn!
Your tentacle spike misses the jelly.
The jelly is heavily wounded.
The jelly hits you.
* * * LOW HITPOINT WARNING * * *
You are splashed with acid!
You die...

############
........##.#
.........#.#
..........)#
......=....## ##
............# ##.##
......J@$...# #...#
............## #...
.............## ##..# #
......(....#..###...####
.#.........##..##..##...
###......####..#.....##
###...<# ##....#####
###.## ##.### #. ## #.#
##


You could see a jelly.

Vanquished Creatures
  2 adders (D:3)
  3 worms
  A dart slug (D:1)
  3 endoplasms (D:1)
  3 giant cockroaches (D:1)
  10 goblins
  4 hobgoblins
  3 jackals (D:3)
  2 quokkas (D:1)
  7 ball pythons
  9 bats
  4 frilled lizards
  8 kobolds
  6 rats
65 creatures vanquished.

Notes
Turn   | Place    | Note
-------+----------+-------------------------------------------
     0 | D:1      | Icepheonix32 the Octopode Transmuter began the quest for
                  | the Orb.
     0 | D:1      | Reached XP level 1. HP: 13/13 MP: 3/3
   111 | D:1      | Reached XP level 2. HP: 14/18 MP: 5/5
   193 | D:1      | Got the Almanac of Success
   783 | D:1      | Reached XP level 3. HP: 23/23 MP: 4/6
  1805 | D:2      | Found Piyman's Antique Armour Emporium.
  1842 | D:2      | Gained mutation: You are robust. (+10% HP) [potion of
                  | mutation]
  2170 | D:2      | Reached skill level 4 in Unarmed Combat
  2175 | D:2      | Reached XP level 4. HP: 12/30 MP: 7/7
  2919 | D:2      | Learned a level 3 spell: Spider Form
  2922 | D:2      | Learned a level 2 spell: Wereblood
  3143 | D:3      | Found a faded altar of an unknown god.
  3659 | D:4      | Splashed by a jelly's acid

Illustrated notes

Levels and vault maps discovered:
D:1:      elethiomel_arrival_shortcut, layout_loops_ring
D:2:      layout_basic, serial_shops, nicolae_shop_competitors_out_of_business
D:3:      layout_basic, hellmonk_ecumenical_altar_inner_sanctum
D:4:      layout_cave_pods, gammafunk_ghost_cemetery, lexackson_kobold_supper

Skill      XL: |  1  2  3  4 |
---------------+-------------+-----
Unarmed Combat | 4 |  4.2
Dodging        | 3 |  3.0
Fighting       | |  1.0
Spellcasting   | |  2.0
Transmutations | |  2.7
Poison Magic   | |  0.6

Action                   |  1- 3 |  4- 6 || total
-------------------------+-------+-------++-------
Melee: Unarmed           |   104 |    30 ||   134
       Constrict         |    29 |    11 ||    40
       Tentacles         |    14 |     9 ||    23
       Kick              |    15 |    11 ||    26
       Punch             |     1 |       ||     1
 Cast: Beastly Appendage |    23 |    11 ||    34
  Use: Potion            |     1 |     1 ||     2
       Scroll            |       |     6 ||     6
 Stab: Sleeping          |     3 |     3 ||     6
Armor: Skin              |     8 |     1 ||     9
Dodge: Dodged            |    66 |    16 ||    82
